 Dungeon Crawl Stone Soup version 0.30.1-11-g7821555f0a (webtiles) character file.

Game seed: 1538820005401414253

15 Peloso the Trooper (level 2, -11/27 HPs)
             Began as a Minotaur Fighter on Jan 14, 2024.
             Engulfed by a cloud of flame (21 damage)
             ... on level 1 of the Dungeon.
             The game lasted 00:01:01 (1069 turns).

Peloso the Trooper (Minotaur Fighter)               Turns: 1069, Time: 00:01:01

Health: -11/27     AC:  7    Str: 20    XL:     2   Next: 34%
Magic:  1/1        EV:  9    Int:  5    God:
Gold:   6          SH:  4    Dex:  9    Spells: 1/1 levels left

rFire   . . .        a - +0 long sword
rCold   . . .        c - +0 buckler
rNeg    . . .        b - +0 scale mail
rPois   .            (helmet restricted)
rElec   .            (no cloak)
rCorr   .            (no gloves)
SInv    .            (no boots)
Will    .....        (no amulet) Stlth
                     (no ring)
HPRegen 0.24/turn    (no ring)
MPRegen 0.07/turn

%: no passive effects
@: no status effects
A: horns 2, retaliatory headbutt
a: no special abilities


You were on level 1 of the Dungeon.
You visited 1 branch of the dungeon, and saw 1 of its levels.

You collected 6 gold pieces.

Inventory:

Hand Weapons
 a - a +0 long sword (weapon)
Armour
 b - a +0 scale mail (worn)
 c - a +0 buckler (worn)
Scrolls
 e - a scroll of magic mapping {unknown}
 i - a scroll of noise {unknown}
 k - a scroll of fog {unknown}
 l - a scroll of identify {unknown}
 m - a scroll of teleportation {unknown}
Potions
 d - a potion of might
 f - a potion of heal wounds {unknown}
 g - 2 potions of curing {unknown}
 h - a potion of haste {unknown}
 j - a potion of brilliance {unknown}
 n - a potion of mutation {unknown}


   Skills:
 + Level 4.2 Fighting
 + Level 2.4 Long Blades
 + Level 4.0 Armour
 + Level 3.7 Shields


You had one spell level left.
You didn't know any spells.
Your spell library was empty.

Dungeon Overview and Level Annotations

Branches:
Dungeon (1/15)

Altars:


Innate Abilities, Weirdness & Mutations

You have a pair of horns on your head.
You reflexively headbutt those who attack you in melee.


Message History

The kobold is moderately wounded.
The kobold misses you. You furiously retaliate!
You headbutt the kobold!
You kill the kobold!
Things that are here:
a +0 dagger; a stone; a kobold corpse
Found a ring mail.
You slash the goblin!
You kill the goblin!
Things that are here:
a +0 club; a goblin corpse A bat comes into view.
Found a scroll labelled MEIVEN VOHUD.
The bat barely misses you. The bat hits you but does no damage.
You closely miss the bat. You headbutt the bat.
You kill the bat!
Your Armour skill increases to level 4!
Things that are here:
a +0 ring mail; a +0 helmet
m - a scroll labelled MEIVEN VOHUD
n - a fuming green potion
Things that are here:
a +0 club; a goblin corpse
Things that are here:
a +0 dagger; a stone; a kobold corpse You see here a rat skeleton.
There is an escape hatch in the floor here.
There is an escape hatch in the floor here.
You see here a rat skeleton.
There is an open door here.
Key pressed, stopping explore.
There is an open door here.
Partly explored, can't reach some items and places.
Partly explored, can't reach some items and places.
Partly explored, can't reach some items and places.
Really walk into a travel-excluded area?
You are engulfed in blazing flames.
Ouch! That really hurt!
You are engulfed in blazing flames.
Ouch! That really hurt!
You die...

#...# #.§§# #.#
#...#####...##### #.#
#....§§§..$..§§§.## #.#
#....☼§☼......○§..######.#
#....○☼§.$....§☼.........#
#########...######.#######
#§§☼# #.# #☼§§# #.# #○○@#
##.# #...#####..#
##........## ##########


There were no monsters in sight!

Vanquished Creatures
  2 bats (D:1)
  4 hobgoblins (D:1)
  2 frilled lizards (D:1)
  A goblin (D:1)
  3 kobolds (D:1)
  3 rats (D:1)
15 creatures vanquished.

Notes
Turn   | Place    | Note
-------+----------+-------------------------------------------
     0 | D:1      | Peloso the Minotaur Fighter began the quest for the Orb.
     0 | D:1      | Reached XP level 1. HP: 19/19 MP: 0/0
   550 | D:1      | Reached XP level 2. HP: 27/27 MP: 1/1
  1069 | D:1      | Engulfed by a cloud of flame

Illustrated notes

Levels and vault maps discovered:
D:1:      evilmike_arrival_fibonacci_small, layout_basic, chequers_mini_garden,
          lemuel_flame_loot_1

Skill      XL: |  1  2 |
---------------+-------+-----
Fighting       | 4 |  4.2
Armour         | 4 |  4.0
Long Blades    | |  2.4
Shields        | |  3.7

Action                     || total
---------------------------++-------
  Melee: Long sword        ||    25
         Headbutt          ||     4
 Armour: Scale mail        ||    18
  Dodge: Dodged            ||     9
  Block: Buckler           ||     6
